 Dungeon Sprint DCSS version 0.19.4-8-ga85b6b9 (webtiles) character file.

301945 Groucho the Invulnerable (level 21, -11/244 HPs)
             Began as a Naga Fighter on Feb 11, 2017.
             Was the Champion of Cheibriados.
             Killed by divine providence
             ... invoked by a greater mummy
              (14 damage)
             ... in the Dungeon (Sprint VII: "The Pits").
             The game lasted 00:46:55 (17763 turns).

Groucho the Invulnerable (Naga Fighter)            Turns: 17763, Time: 00:46:56

Health: -11/244    AC: 56    Str: 34      XL:     21   Next: 5%
Magic:  27/48      EV: 32    Int: 31      God:    Cheibriados [******]
Gold:   250        SH: 39    Dex: 41 (42) Spells: 0 memorised, 48 levels left

rFire  + . .     SeeInvis +     q - 8 meat rations
rCold  + + +     Gourm    .     R - +14 gold dragon scales
rNeg   + + +     Faith    .     U - +3 large shield of Ru's Hope {MR++}
rPois  +         Spirit   .     T - +4 helmet
rElec  .         Reflect  +     O - +2 cloak
rCorr  .         Harm     .     S - +2 pair of gloves of Mirth {-Cast rF+ Int+7}
MR     ++++.     NoTele   +     (no barding)
Stlth  .......... NoCast   +    H - amulet of Teddupyg {Reflect +Inv MR+ Dex+8 SH+5}
                                G - ring "Cik Uqie" {rPois rC+++ MR- MP+9 Str+4}
                                V - ring of Ucourys {+Blink rF- rN+++ Str-5 Stlth-}

@: slowed, studying Transmutations, very slow
A: see invisible, deformed body, poison resistance, slowness 2, slow metabolism
1, spit poison 1, constrict 1, AC +7
a: Spit Poison, Bend Time, Temporal Distortion, Slouch, Step From Time, Renounce
Religion, Evoke Blink, Evoke Invisibility
}: 2/15 runes: silver, iron


You were in the Dungeon.
You worshipped Cheibriados.
Cheibriados was exalted by your worship.
You were not hungry.

You visited 1 branch You collected 250 gold pieces.

Inventory:

Hand Weapons
 j - a +5 demon trident of electrocution
 l - the +8 bardiche of the Valley of Death {chop, +Blink rC+ Dex+3 Stlth+}
   (You took it off an orc priest in the Dungeon)

   It inflicts extra damage upon your enemies.
   It affects your dexterity (+3).
   It protects you from cold.
   It lets you blink.
   It makes you more stealthy.
 C - a +3 demon trident of pain
 L - the +7 demon trident "Fasuilel" {drain, -Tele Str+3 Int+2 Dex+3}
   (You found it in the Dungeon)

   A truly terrible weapon, it drains the life of those it strikes.
   It affects your strength (+3).
   It affects your intelligence (+2).
   It affects your dexterity (+3).
   It prevents most forms of teleportation.
 P - a +4 demon trident
Armour
 N - a +3 large shield
 O - a +2 cloak (worn)
 R - +14 gold dragon scales (worn)
 S - the +2 pair of gloves of Mirth (worn) {-Cast rF+ Int+7}
   (You found it in the Dungeon)

   It affects your intelligence (+7).
   It protects you from fire.
   It prevents spellcasting.
 T - a +4 helmet (worn)
 U - the +3 large shield of Ru's Hope (worn) {MR++}
   (You found it in the Dungeon)

   It affects your resistance to hostile enchantments.
 X - a +5 large shield
Jewellery
 e - the amulet "Wifalam" {Gourm rN+ Dex+4 Slay+2}
   (You found it in the Dungeon)

   [amulet of the gourmand]

   It allows you to eat raw meat even when not hungry.
   It affects your dexterity (+4).
   It affects your accuracy and damage with ranged weapons and melee attacks
   (+2).
   It protects you from negative energy.
 r - the amulet "Enia" {*Slow rElec Regen+ Stlth+}
   (You found it in the Dungeon)

   [amulet of regeneration]

   It insulates you from electricity.
   It increases your rate of regeneration.
   It may slow you when you take damage.
   It makes you more stealthy.
 u - a +5 ring of slaying
 v - the ring of Sloth {rF+ MP+9}
   (You found it in the Dungeon)

   [ring of protection from fire]

   It protects you from fire.
   It affects your magic capacity (+9).
 w - the ring "Miesirgh" {rF++ Str+6 Dex+4}
   (You found it in the Dungeon)

   [ring of strength]

   It affects your strength (+6).
   It affects your dexterity (+4).
   It greatly protects you from fire.
 y - the ring of Timemual {rF++ rN+ MP+9}
   (You found it in the Dungeon)

   [ring of magical power]

   It greatly protects you from fire.
   It protects you from negative energy.
   It affects your magic capacity (+9).
 A - the ring "Tifuwio" {rF+ Dex+2 Slay+5 Stlth-}
   (You found it in the Dungeon)

   [ring of slaying]

   It affects your dexterity (+2).
   It affects your accuracy and damage with ranged weapons and melee attacks
   (+5).
   It protects you from fire.
   It makes you less stealthy.
 B - the ring of Mirth {rCorr rPois Dex+4}
   (You found it in the Dungeon)

   [ring of resist corrosion]

   It affects your dexterity (+4).
   It protects you from poison.
 D - the ring of Dumant {MP+9 Str+3}
   (You found it in the Dungeon)

   [ring of magical power]

   It affects your strength (+3).
   It affects your magic capacity (+9).
 F - a +5 ring of dexterity
 G - the ring "Cik Uqie" (right hand) {rPois rC+++ MR- MP+9 Str+4}
   (You found it in the Dungeon)

   [ring of magical power]

   It affects your strength (+4).
   It renders you almost immune to cold.
   It protects you from poison.
   It affects your resistance to hostile enchantments.
   It affects your magic capacity (+9).
 H - the amulet of Teddupyg (around neck) {Reflect +Inv MR+ Dex+8 SH+5}
   (You found it in the Dungeon)

   [amulet of reflection]

   It shields you and reflects attacks.
   It affects your dexterity (+8).
   It affects your resistance to hostile enchantments.
   It lets you turn invisible.
   It affects your SH (+5).
 I - the amulet of Ymegacy {Faith rElec rPois Int+4}
   (You found it in the Dungeon)

   [amulet of faith]

   It allows you to gain divine favour quickly.
   It affects your intelligence (+4).
   It insulates you from electricity.
   It protects you from poison.
 K - a +3 ring of dexterity
 V - the ring of Ucourys (left hand) {+Blink rF- rN+++ Str-5 Stlth-}
   (You found it in the Dungeon)

   [ring of loudness]

   It affects your strength (-5).
   It makes you vulnerable to fire.
   It renders you almost immune to negative energy.
   It lets you blink.
   It makes you less stealthy.
 W - the ring of Vampiric Thralls {Int+4 Dex-3 SInv}
   (You found it in the Dungeon)

   [ring of see invisible]

   It affects your intelligence (+4).
   It affects your dexterity (-3).
   It lets you see invisible.
Wands
 d - a wand of heal wounds (5/9)
Scrolls
 k - 4 scrolls of blinking
 m - 6 scrolls of remove curse
 n - 5 scrolls of amnesia
 o - a scroll of summoning
 x - 7 scrolls of identify
 E - a scroll of fog
 M - a scroll of fear
Potions
 a - a potion of invisibility
 c - 5 potions of cure mutation
 g - 16 potions of heal wounds
 h - 13 potions of curing
 i - 6 potions of magic
 s - 3 potions of agility
 t - 5 potions of brilliance
 z - 3 potions of might
Books
 J - a manual of Transmutations
Comestibles
 f - 8 bread rations
 p - 21 fruits
 q - 8 meat rations (in hand)


   Skills:
 O Level 27 Fighting
 - Level 14.5 Polearms
 O Level 27 Armour
 O Level 27 Dodging
 O Level 27 Shields
 + Level 15.4 Unarmed Combat
 + Level 14.3 Spellcasting
 + Level 23.7 Invocations


You had 48 spell levels left.
You didn't know any spells.

Dungeon Overview and Level Annotations

Branches:
Dungeon (1/1)

Altars:
Ashenzari
Cheibriados
Dithmenos
Elyvilon
Fedhas
Gozag
Hepliaklqana
Kikubaaqudgha
Makhleb
Nemelex Xobeh
Okawaru
Qazlal
Ru
Sif Muna
Trog
Uskayaw
Vehumet
Xom
Yredelemnul
Zin
The Shining One
Beogh
Jiyva
Lugonu


Innate Abilities, Weirdness & Mutations

You cannot wear boots.
Your serpentine skin is tough. (AC +7)
You have supernaturally acute eyesight. (SInv)
Armour fits poorly on your strangely shaped body.
Your system is resistant to poisons. (rPois)
You cover ground very slowly.
You have a slow metabolism.
You can spit poison.
You can use your snake-like lower body to constrict enemies.


Message History

The mana viper convulses! x2; The emperor scorpion convulses!
The mana viper convulses! x2; Your body is wracked with pain!
* * * LOW HITPOINT WARNING * * *
The vampire knight casts a spell.
The vampire knight flickers and vanishes for a moment.
A guardian mummy comes into view.
It is wielding a +0 short sword of venom.
Unknown command.
Wield which item (- for none, * to show all)? (? for menu, Esc to quit)
Your +5 demon trident of electrocution stops crackling.
q - 8 meat rations (in hand)
The mana viper disappears in a puff of smoke! x2
The greater mummy casts a spell at you. Something smites you!
* * * LOW HITPOINT WARNING * * *
The bat zombie is engulfed in freezing vapours.
The lich mumbles some strange words.
The mummy priest mumbles some strange prayers to its god.
The greater mummy gestures at you while chanting.
Something smites you!
You die...

*****############**** *
*,,,,Z!LM2W4W!:W,,,,* **
*,,,,MZ}MDWSSzZ,Z,,,* ,**
*,,,,,L1)MLLMM,,,,,,* ,,*
*,,,,,,V,nMs§,,,,,,,*
,,*#############D###########
,,*#............@3.........#
,,*#...........V...........#
,,*#######################'#
,,* ######################'#
,,*##.##'.'=)=.[)...))=[##.#
,,*#'##.###...="))[))[[)##)#
,,*##.##'#################.#
,**#...'.#,#.+.+.#.##'.# #'#
** ##.####+#'#'#'#'#.### #.#


You could see 4 greater mummies, 2 bone dragons, an emperor scorpion, 3 liches,
a reaper, a vampire knight (invisible), a mummy priest, a skeletal warrior, a
soul eater, a shadow wraith (invisible), 2 mana vipers, a guardian mummy, a
freezing wraith, a hungry ghost, a red devil, a shadow (invisible) and a bat
zombie.

Vanquished Creatures
  Dissolution (D)
  Ignacio (D)
  Mnoleg (D)
  4 ancient liches (D)
  Mara (D)
  A greater mummy (D)
  the Lernaean hydra (D)
  Frederick (D)
  Margery (D)
  A curse toe (D)
  2 Killer Klowns (D)
  A golden dragon (D)
  Nikola (D)
  5 pandemonium lords (D)
  5 Tzitzimimeh (D)
  3 pearl dragons (D)
  5 Brimstone Fiends (D)
  7 liches (D)
  A hellephant (D)
  3 electric golems (D)
  An Ice Fiend (D)
  2 tentacled monstrosities (D)
  A Hell Sentinel (D)
  2 deep elf blademasters (D)
  A quicksilver dragon (D)
  3 deep elf master archers (D)
  3 sphinxes (D)
  A death cob (D)
  3 nagarajas (D)
  3 shadow dragons (D)
  2 orc warlords (D)
  A fire giant (D)
  3 storm dragons (D)
  7 frost giants (D)
  An iron dragon (D)
  A deep elf sorcerer (D)
  A draconian scorcher (D)
  3 balrugs (D)
  3 ghost moths (D)
  A draconian shifter (D)
  A draconian annihilator (D)
  A spriggan defender (D)
  A reaper (D)
  A stone giant (D)
  A war gargoyle (D)
  3 vampire knights (D)
  2 green draconians (D)
  An apis (D)
  2 deep elf demonologists (D)
  2 deep elf annihilators (D)
  4 mottled draconians (D)
  A purple draconian (D)
  Nessos (D)
  6 dire elephants (D)
  2 yellow draconians (D)
  2 red draconians (D)
  An eidolon (D)
  An ettin (D)
  A death ooze (D)
  6 fire dragons (D)
  A merfolk impaler (D)
  A minotaur (D)
  3 deep elf death magi (D)
  2 green deaths (D)
  4 mummy priests (D)
  5 yaktaur captains (D)
  3 ogre magi (D)
  A rakshasa (D)
  4 vault guards (D)
  5 hydras (D)
  3 merfolk avatars (D)
  3 naga warriors (D)
  A hell beast (D)
  An ice dragon (D)
  2 death knights (D)
  A spriggan air mage (D)
  An alligator snapping turtle (D)
  3 catoblepae (D)
  2 centaur warriors (D)
  An anaconda (D)
  An alligator (D)
  2 vampire magi (D)
  3 iron elementals (D)
  4 hell hogs (D)
  2 death yaks (D)
  A spriggan berserker (D)
  9 hell knights (D)
  An iron troll (D)
  3 soul eaters (D)
  A sun demon (D)
  4 skeletal warriors (D)
  4 wizards (D)
  2 swamp dragons (D)
  A flayed ghost (D)
  2 phantasmal warriors (D)
  6 lindwurms (D)
  2 hill giants (D)
  An orc sorcerer (D)
  A deep elf mage (D)
  13 orc knights (D)
  A wolf spider (D)
  A siren (D)
  Maurice (D)
  A cyclops (D)
  2 guardian serpents (D)
  5 naga magi (D)
  An orange demon (D)
  A gargoyle (D)
  A smoke demon (D)
  10 yaktaurs (D)
  A hellion (D)
  7 rime drakes (D)
  A yaktaur (shapeshifter) (D)
  5 komodo dragons (D)
  A kobold demonologist (D)
  A demonic crawler (D)
  3 tormentors (D)
  2 ice devils (D)
  A freezing wraith (D)
  6 guardian mummies (D)
  A polar bear (D)
  2 two-headed ogres (D)
  3 red devils (D)
  3 merfolk (D)
  A troll (D)
  A hornet (D)
  A polar bear (shapeshifter) (D)
  2 bog bodies (D)
  3 slime creatures (D)
  5 blink frogs (D)
  6 dream sheep (D)
  2 wandering mushrooms (D)
  2 hippogriffs (D)
  2 large abominations (D)
  2 redbacks (D)
  A vampire (D)
  A ynoxinul (D)
  2 air elementals (D)
  2 water elementals (D)
  A wraith (D)
  3 basilisks (D)
  6 wyverns (D)
  A hungry ghost (D)
  A golden eye (D)
  A chaos spawn (D)
  6 steam dragons (D)
  A warg (D)
  6 mottled dragons (D)
  A naga (D)
  Edmund (D)
  A floating eye (D)
  2 swamp drakes (D)
  A black bear (D)
  3 orc warriors (D)
  An eye of draining (D)
  4 necrophages (D)
  5 ogres (D)
  A centaur (D)
  2 big kobolds (D)
  Blork the orc (D)
  2 earth elementals (D)
  A scorpion (D)
  3 killer bees (D)
  A crimson imp (D)
  A jelly (D)
  A gnoll shaman (D)
  An orc priest (D)
  4 orc wizards (D)
  2 iron imps (D)
  Jessica (D)
  A worker ant (D)
  5 gnolls (D)
  An ufetubus (D)
  2 oozes (D)
  An adder zombie (D)
  5 adder skeletons (D)
  A worm (D)
  2 adder simulacra (D)
  A leopard gecko (D)
  10 orcs (D)
  2 bat zombies (D)
  2 hobgoblins (D)
  A quokka (D)
  A ball python (D)
  A ball python skeleton (D)
  A ball python zombie (D)
  2 bat simulacra (D)
  A leopard gecko simulacrum (D)
  A quokka simulacrum (D)
  A quokka skeleton (D)
  A quokka zombie (D)
  2 crawling corpses (D)
444 creatures vanquished.

Vanquished Creatures (others)
  A flying skull (D)
1 creature vanquished.

Grand Total: 445 creatures vanquished

Notes
Turn   | Place    | Note
-------+----------+-------------------------------------------
     0 | D        | Groucho the Naga Fighter began the quest for the Orb.
     0 | D        | Reached XP level 1. HP: 21/21 MP: 1/1
    47 | D        | Found a radiant altar of Vehumet.
    47 | D        | Found a hide-covered altar of Uskayaw.
    47 | D        | Found an ancient bone altar of Kikubaaqudgha.
    47 | D        | Found a viscous altar of Jiyva.
    47 | D        | Found a hazy altar of Hepliaklqana.
    48 | D        | Found a bloodstained altar of Trog.
    48 | D        | Found a deep blue altar of Sif Muna.
    48 | D        | Found a sacrificial altar of Ru.
    48 | D        | Found a stormy altar of Qazlal.
    48 | D        | Found an iron altar of Okawaru.
    48 | D        | Found a sparkling altar of Nemelex Xobeh.
    48 | D        | Found an opulent altar of Gozag.
    48 | D        | Found a blossoming altar of Fedhas.
    48 | D        | Found a white marble altar of Elyvilon.
    48 | D        | Found a shadowy altar of Dithmenos.
    48 | D        | Found a snail-covered altar of Cheibriados.
    49 | D        | Found a glowing golden altar of the Shining One.
    49 | D        | Found a glowing silver altar of Zin.
    50 | D        | Found a burning altar of Makhleb.
    50 | D        | Found a basalt altar of Yredelemnul.
    50 | D        | Found a roughly hewn altar of Beogh.
    51 | D        | Found a corrupted altar of Lugonu.
    51 | D        | Found a shimmering altar of Xom.
    51 | D        | Found a shattered altar of Ashenzari.
    58 | D        | Became a worshipper of Cheibriados the Contemplative
    77 | D        | Reached XP level 2. HP: 28/28 MP: 2/2
    84 | D        | Reached * piety under Cheibriados
   115 | D        | Reached ** piety under Cheibriados
   125 | D        | Reached XP level 3. HP: 35/36 MP: 3/3
   129 | D        | Reached *** piety under Cheibriados
   134 | D        | Noticed a necrophage
   137 | D        | Killed a necrophage
   137 | D        | Reached **** piety under Cheibriados
   137 | D        | Reached skill level 5 in Fighting
   137 | D        | Reached XP level 4. HP: 41/45 MP: 4/4
   210 | D        | Noticed Blork the orc
   210 | D        | Noticed a flying skull
   224 | D        | Killed a flying skull
   224 | D        | Reached XP level 5. HP: 29/52 MP: 4/11
   224 | D        | Reached XP level 6. HP: 34/61 MP: 4/12
   229 | D        | Killed Blork the orc
   232 | D        | Reached skill level 10 in Invocations
   438 | D        | Noticed Edmund
   451 | D        | Killed Edmund
   451 | D        | Reached ***** piety under Cheibriados
   451 | D        | Reached XP level 7. HP: 57/68 MP: 15/15
   460 | D        | Noticed Jessica
   461 | D        | Killed Jessica
   463 | D        | Noticed a polar bear
   472 | D        | Killed a polar bear
   472 | D        | Reached skill level 5 in Armour
   869 | D        | Noticed a warg
   876 | D        | Killed a warg
   878 | D        | Reached XP level 8. HP: 72/80 MP: 16/16
   884 | D        | Reached ****** piety under Cheibriados
   915 | D        | Noticed a hill giant
   915 | D        | Noticed a two-headed ogre
   917 | D        | Killed a hill giant
   917 | D        | Reached skill level 10 in Polearms
   917 | D        | Killed a two-headed ogre
   917 | D        | Reached XP level 9. HP: 90/90 MP: 12/18
   951 | D        | Got the +1 broad axe "Babaed" {freeze, rN+}
   953 | D        | Got the +2 halberd of Ybuq {venom, Str+5}
  1033 | D        | Noticed a centaur warrior
  1033 | D        | Noticed a smoke demon
  1035 | D        | Killed a smoke demon
  1035 | D        | Killed a centaur warrior
  1248 | D        | Noticed a deep elf mage
  1251 | D        | Reached skill level 5 in Dodging
  1251 | D        | Reached XP level 10. HP: 102/102 MP: 19/19
  1251 | D        | Reached skill level 10 in Fighting
  1252 | D        | Killed a deep elf mage
  1252 | D        | Reached skill level 5 in Shields
  1271 | D        | Noticed an orc sorcerer
  1271 | D        | Noticed a flayed ghost
  1273 | D        | Killed an orc sorcerer
  1275 | D        | Killed a flayed ghost
  1506 | D        | Reached XP level 11. HP: 93/111 MP: 21/21
  1599 | D        | Noticed a vampire mage
  1602 | D        | Noticed a jiangshi
  1602 | D        | Noticed a jiangshi
  1612 | D        | Killed a vampire mage
  1612 | D        | Reached skill level 10 in Armour
  1729 | D        | Noticed a death yak
  1749 | D        | Killed a death yak
  2081 | D        | Noticed an ogre mage
  2082 | D        | Noticed a cyclops
  2084 | D        | Killed an ogre mage
  2085 | D        | Killed a cyclops
  2271 | D        | Noticed a five-headed hydra
  2277 | D        | Killed a five-headed hydra
  2725 | D        | Noticed a vampire knight
  2728 | D        | Reached XP level 12. HP: 114/126 MP: 22/22
  2740 | D        | Killed a vampire knight
  2799 | D        | Noticed a death yak
  2820 | D        | Killed a death yak
  3371 | D        | Noticed Maurice
  3375 | D        | Killed Maurice
  3375 | D        | Reached skill level 10 in Dodging
  3684 | D        | Noticed a red draconian
  3684 | D        | Noticed an orc warlord
  3684 | D        | Noticed an orc warlord
  3684 | D        | Noticed a vault guard
  3685 | D        | Noticed a yaktaur captain
  3685 | D        | Noticed a naga warrior
  3685 | D        | Noticed a naga warrior
  3686 | D        | Noticed a deep elf blademaster
  3688 | D        | Noticed a deep elf blademaster
  3688 | D        | Noticed a yaktaur captain
  3688 | D        | Reached skill level 15 in Invocations
  3688 | D        | Killed a vault guard
  3689 | D        | Killed a deep elf blademaster
  3689 | D        | Gained mutation: You can use your snake-like lower body to constrict enemies. [Naga growth]
  3689 | D        | Reached XP level 13. HP: 72/136 MP: 8/24
  3690 | D        | Noticed an eidolon
  3691 | D        | Killed a red draconian
  3691 | D        | Killed a yaktaur captain
  3691 | D        | Killed an orc warlord
  3691 | D        | Reached skill level 15 in Fighting
  3691 | D        | Reached skill level 10 in Shields
  3691 | D        | Killed a deep elf blademaster
  3691 | D        | Killed a yaktaur captain
  3694 | D        | Killed an orc warlord
  3695 | D        | Killed an eidolon
  4222 | D        | Noticed a vault guard
  4230 | D        | Killed a vault guard
  4237 | D        | Noticed a vault guard
  4246 | D        | Killed a vault guard
  4473 | D        | Noticed a dire elephant
  4473 | D        | Noticed a yaktaur captain
  4473 | D        | Noticed a vault guard
  4473 | D        | Noticed a minotaur
  4476 | D        | Killed a yaktaur captain
  4476 | D        | Killed a minotaur
  4477 | D        | Reached XP level 14. HP: 150/150 MP: 10/26
  4477 | D        | Killed a dire elephant
  4533 | D        | Noticed a shadow dragon
  4557 | D        | Killed a shadow dragon
  4606 | D        | Noticed a deep elf annihilator
  4619 | D        | Killed a deep elf annihilator
  4953 | D        | Got the +8 bardiche of the Valley of Death {chop, +Blink rC+ Dex+3 Stlth+}
  5151 | D        | Noticed a deep elf annihilator
  5155 | D        | Noticed a sphinx
  5157 | D        | Noticed a nagaraja
  5157 | D        | Paralysed by a wizard for 3 turns
  5162 | D        | Killed a deep elf annihilator
  5162 | D        | Killed a sphinx
  5163 | D        | Killed a nagaraja
  5163 | D        | Reached skill level 15 in Armour
  5445 | D        | Noticed a sphinx
  5445 | D        | Paralysed by a sphinx for 2 turns
  5451 | D        | Paralysed by a sphinx for 5 turns
  5465 | D        | Killed a sphinx
  5599 | D        | Noticed a deep elf sorcerer
  5599 | D        | Noticed a lich
  5599 | D        | Noticed a red draconian annihilator
  5600 | D        | Noticed a lich
  5602 | D        | Killed a red draconian annihilator
  5602 | D        | Killed a lich
  5602 | D        | Reached XP level 15. HP: 130/160 MP: 17/28
  5602 | D        | Killed a lich
  5606 | D        | Killed a deep elf sorcerer
  5621 | D        | Got the ring "Nopogg" {-Tele rC+ Str+4 Stlth+}
  5624 | D        | Got the ring "Worixi" {Ice rPois Int-2 Dex+4 Slay+3}
  5627 | D        | Got the ring "Miesirgh" {rF++ Str+6 Dex+4}
  5630 | D        | Got the ring of Activism {-Tele +Fly rF+++ rC+}
  5633 | D        | Got the ring "Deixkuon" {Str+6 Stlth+}
  5637 | D        | Got the ring of Light {rElec rPois Dex+6 Stlth+}
  5640 | D        | Got the ring "Imesem" {rPois rF- Str+3 Dex+4}
  5646 | D        | Got the ring of Ivienacw {Fire +Fly rN+ SInv Stlth-}
  5649 | D        | Got the ring of Conversion {rC+ MR+ SInv}
  5652 | D        | Got the ring "Uxoefe Ento" {Wiz MR+ Str-5 Int+4 Dex+4}
  5655 | D        | Got the ring of Sloth {rF+ MP+9}
  5658 | D        | Got the ring of Fun {Fire MR+}
  5727 | D        | Noticed a lich
  5744 | D        | Killed a lich
  5933 | D        | Got the amulet "Wesou" {rF+ Regen+ Int+5}
  5936 | D        | Got the amulet of Wimuhopp {+Rage +Fly rC+}
  5939 | D        | Got the ring of Dumant {MP+9 Str+3}
  5942 | D        | Got the amulet of Unaef {RegenMP +Blink Int+2}
  5945 | D        | Got the amulet "Enia" {*Slow rElec Regen+ Stlth+}
  5948 | D        | Got the ring of Mirth {rCorr rPois Dex+4}
  5951 | D        | Got the amulet of Ymegacy {Faith rElec rPois Int+4}
  5954 | D        | Got the amulet of Foafiav {RegenMP rElec rPois}
  5957 | D        | Got the amulet of Fun {RegenMP rElec MR- Str+4 Stlth+}
  5960 | D        | Got the amulet "Wifalam" {Gourm rN+ Dex+4 Slay+2}
  5964 | D        | Got the ring of Timemual {rF++ rN+ MP+9}
  5967 | D        | Got the ring "Tifuwio" {rF+ Dex+2 Slay+5 Stlth-}
  5971 | D        | Got the amulet "Oxosketa" {Reflect rElec rC+++ Int+3 Slay-6 SH+6}
  5974 | D        | Got the ring "Viast" {rElec Int+2 Dex+3}
  6703 | D        | Identified the Reference Book on Clay and Flight (You found it in the Dungeon)
  6722 | D        | Identified Arumivva's Papyrus of the Rocks and Weightlessness (You found it in the Dungeon)
  6901 | D        | Noticed a ghost moth
  6901 | D        | Noticed a frost giant
  6903 | D        | Killed a ghost moth
  6909 | D        | Killed a frost giant
  7138 | D        | Noticed a shadow dragon
  7152 | D        | Killed a shadow dragon
  7533 | D        | Noticed a ghost moth
  7535 | D        | Killed a ghost moth
  7545 | D        | Noticed Nessos
  7552 | D        | Killed Nessos
  7858 | D        | Reached XP level 16. HP: 170/170 MP: 29/29
  8476 | D        | Got the ring "Roigginkyd" {Fire rN+ Int+5}
  8525 | D        | Noticed a sphinx
  8526 | D        | Noticed the 27-headed Lernaean hydra
  8528 | D        | Noticed a deep elf master archer
  8529 | D        | Killed a sphinx
  8530 | D        | Killed a deep elf master archer
  8532 | D        | Killed the 27-headed Lernaean hydra
  8532 | D        | Reached skill level 15 in Dodging
  9117 | D        | Noticed a golden dragon
  9120 | D        | Reached skill level 15 in Shields
  9122 | D        | Killed a golden dragon
  9124 | D        | Reached XP level 17. HP: 174/187 MP: 19/30
  9172 | D        | Got a silver rune of Zot
 10010 | D        | Noticed Mnoleg
 10019 | D        | Noticed a tentacled monstrosity
 10028 | D        | Killed Mnoleg
 10280 | D        | Noticed a deep elf master archer
 10280 | D        | Noticed Nikola
 10283 | D        | Killed a deep elf master archer
 10292 | D        | Killed Nikola
 10304 | D        | Noticed a curse toe
 10336 | D        | Killed a curse toe
 10841 | D        | Noticed a deep elf master archer
 10847 | D        | Killed a deep elf master archer
 10947 | D        | Got the ring of Zerri Suh {rC+ MR+}
 10950 | D        | Got the ring "Garchit" {Fire Int+5 Dex-5 SInv}
 10953 | D        | Got the ring "Cik Uqie" {rPois rC+++ MR- MP+9 Str+4}
 10955 | D        | Got the amulet of Agas {Inacc +Inv MR- Int-3 Stlth+}
 10958 | D        | Got the ring "Ochyggis" {Wiz Int+3}
 10961 | D        | Got the amulet of Teddupyg {Reflect +Inv MR+ Dex+8 SH+5}
 10963 | D        | Got the ring of Sysch {rF+ rN+}
 10966 | D        | Got the amulet of Cupot {Reflect MR+ SH+2}
 11213 | D        | Noticed Dissolution
 11217 | D        | Reached XP level 18. HP: 202/205 MP: 31/31
 11219 | D        | Gained mutation: You tend to lose your temper in combat. [a shining eye]
 11223 | D        | Killed Dissolution
 11452 | D        | Noticed a Tzitzimitl
 11463 | D        | Killed a Tzitzimitl
 12112 | D        | Noticed a pearl dragon
 12119 | D        | Killed a pearl dragon
 12270 | D        | Noticed a Killer Klown
 12278 | D        | Killed a Killer Klown
 12308 | D        | Noticed a Tzitzimitl
 12308 | D        | Noticed a hellephant
 12308 | D        | Noticed an electric golem
 12315 | D        | Killed an electric golem
 12318 | D        | Killed a Tzitzimitl
 12332 | D        | Killed a hellephant
 12344 | D        | Noticed a Tzitzimitl
 12348 | D        | Killed a Tzitzimitl
 12348 | D        | Reached skill level 27 in Armour
 13389 | D        | Noticed a Tzitzimitl
 13396 | D        | Killed a Tzitzimitl
 13401 | D        | Noticed Margery
 13409 | D        | Killed Margery
 13443 | D        | Noticed a quicksilver dragon
 13450 | D        | Killed a quicksilver dragon
 13450 | D        | Reached XP level 19. HP: 222/222 MP: 32/32
 13453 | D        | Lost mutation: You tend to lose your temper in combat. [potion of cure mutation]
 13500 | D        | Noticed a Killer Klown
 13506 | D        | Killed a Killer Klown
 13509 | D        | Noticed an electric golem
 13518 | D        | Killed an electric golem
 13544 | D        | Noticed Mibeveme the pandemonium lord
 13560 | D        | Killed Mibeveme the pandemonium lord
 13561 | D        | Noticed a Brimstone Fiend
 13566 | D        | Killed a Brimstone Fiend
 14121 | D        | Noticed a Brimstone Fiend
 14126 | D        | Killed a Brimstone Fiend
 14147 | D        | Reached skill level 27 in Fighting
 14153 | D        | Noticed Reuniaca the pandemonium lord
 14154 | D        | Noticed a pearl dragon
 14169 | D        | Killed Reuniaca the pandemonium lord
 14170 | D        | Killed a pearl dragon
 14850 | D        | Noticed Hazxitt the pandemonium lord
 14869 | D        | Killed Hazxitt the pandemonium lord
 14872 | D        | Noticed an ancient lich
 14881 | D        | Killed an ancient lich
 14885 | D        | Noticed Cupaloc the pandemonium lord
 14899 | D        | Killed Cupaloc the pandemonium lord
 14911 | D        | Noticed Mara
 14916 | D        | Killed Mara
 14923 | D        | Noticed a Brimstone Fiend
 14928 | D        | Killed a Brimstone Fiend
 15169 | D        | Noticed a Tzitzimitl
 15172 | D        | Killed a Tzitzimitl
 15173 | D        | Noticed a tentacled monstrosity
 15182 | D        | Killed a tentacled monstrosity
 15499 | D        | Noticed a Hell Sentinel
 15513 | D        | Noticed a tentacled monstrosity
 15524 | D        | Killed a Hell Sentinel
 15526 | D        | Killed a tentacled monstrosity
 15907 | D        | Noticed a Brimstone Fiend
 15914 | D        | Killed a Brimstone Fiend
 15977 | D        | Noticed a greater mummy
 15979 | D        | Noticed Ignacio
 15982 | D        | Killed Ignacio
 15982 | D        | Reached XP level 20. HP: 223/235 MP: 33/33
 15987 | D        | Killed a greater mummy
 16248 | D        | Noticed a Brimstone Fiend
 16255 | D        | Killed a Brimstone Fiend
 16458 | D        | Noticed a pearl dragon
 16466 | D        | Killed a pearl dragon
 16689 | D        | Noticed a lich
 16697 | D        | Killed a lich
 16697 | D        | Reached skill level 27 in Dodging
 16702 | D        | Got the ring "Beraser" {rPois rF+ rC+ SInv}
 16705 | D        | Got the +7 demon trident "Fasuilel" {drain, -Tele Str+3 Int+2 Dex+3}
 16707 | D        | Got the +2 pair of gloves of Mirth {-Cast rF+ Int+7}
 16713 | D        | Got the ring of the Fool {*Contam Str+3 Int-5 Dex+7 Stlth-}
 16717 | D        | Got the ring of Xom's Favour {Ice *Contam Dex+3}
 16720 | D        | Got the amulet of Ebujiho {Faith +Inv Stlth+}
 16726 | D        | Got the +3 large shield of Ru's Hope {MR++}
 16730 | D        | Got an iron rune of Zot
 16732 | D        | Got the ring of Ucourys {+Blink rF- rN+++ Str-5 Stlth-}
 16734 | D        | Got the ring of Vampiric Thralls {Int+4 Dex-3 SInv}
 16738 | D        | Got the ring "Ickusch" {rPois AC+2}
 16857 | D        | Noticed Ufi Roga the pandemonium lord
 16878 | D        | Killed Ufi Roga the pandemonium lord
 16878 | D        | Reached skill level 27 in Shields
 16878 | D        | Reached skill level 5 in Spellcasting
 17687 | D        | Noticed Frederick
 17692 | D        | Killed Frederick
 17696 | D        | Noticed an electric golem
 17703 | D        | Killed an electric golem
 17750 | D        | Noticed a greater mummy
 17750 | D        | Noticed a greater mummy
 17750 | D        | Noticed an ancient lich
 17750 | D        | Noticed a greater mummy
 17750 | D        | Noticed an ancient lich
 17752 | D        | Noticed a bone dragon
 17753 | D        | Noticed an ancient lich
 17754 | D        | Noticed a greater mummy
 17755 | D        | Reached skill level 10 in Unarmed Combat
 17756 | D        | Killed an ancient lich
 17757 | D        | Noticed a bone dragon
 17761 | D        | Killed an ancient lich
 17762 | D        | Killed an ancient lich
 17762 | D        | Reached skill level 15 in Unarmed Combat
 17762 | D        | Reached XP level 21. HP: 57/244 MP: 31/39
 17763 | D        | HP: 3/244 [greater mummy/divine providence (15)]
 17763 | D        | Killed from afar by a greater mummy

Skill      XL: |  1  2  3  4  5  6  7  8  9 10 11 12 13 14 15 16 17 18 19 20 |
---------------+-------------------------------------------------------------+-----
Polearms       | 3 4 6 7 9 10 11 12 14 | 14.5
Armour         | 3 4 5 7 8 9 11 12 13 16 22 24 25 27 | 27.0
Fighting       | 4 5 7 8 9 11 13 14 16 17 20 23 25 27 | 27.0
Invocations    | 8 11 12 13 14 15 17 19 23 | 23.7
Dodging        | 3 5 7 9 11 12 14 16 19 22 26 27 | 27.0
Shields        | 3 4 5 7 9 11 12 15 18 21 25 27 | 27.0
Unarmed Combat | 15 | 15.4
Spellcasting   | 14 | 14.3

Action                   |  1- 3 |  4- 6 |  7- 9 | 10-12 | 13-15 | 16-18 | 19-21 || total
-------------------------+-------+-------+-------+-------+-------+-------+-------++-------
Melee: Trident           |    29 |    34 |    25 |   118 |   287 |       |       ||   493
       Constrict         |       |       |       |       |    26 |    22 |    22 ||    70
       Demon trident     |       |       |       |       |    56 |   270 |   276 ||   602
Throw: Tomahawk          |       |     2 |       |       |       |       |       ||     2
Invok: Slouch            |       |       |     4 |    28 |    36 |    55 |    22 ||   145
  Use: Potion            |       |     3 |       |       |     3 |     3 |     6 ||    15
       Scroll            |       |       |       |     2 |     5 |     7 |       ||    14
 Stab: Invisible         |       |     5 |       |       |       |       |       ||     5
  Eat: Chunk             |       |       |       |     2 |       |       |       ||     2
       Meat ration       |       |       |       |     2 |       |     1 |       ||     3
       Royal jelly       |       |       |       |       |     1 |       |       ||     1
       Bread ration      |       |       |       |       |     1 |       |       ||     1
       Fruit             |       |       |       |       |       |    16 |    10 ||    26
       Beef jerky        |       |       |       |       |       |       |     1 ||     1
Armor: Scale mail        |     5 |       |       |       |       |       |       ||     5
       Plate armour      |       |    13 |    11 |    32 |     3 |       |       ||    59
       Gold dragon scale |       |       |       |       |    60 |    72 |    45 ||   177
Dodge: Dodged            |     6 |     4 |     4 |    65 |    73 |   105 |    66 ||   323
Block: Shield            |    11 |     9 |     9 |    98 |    15 |       |       ||   142
       Large shield      |       |       |       |       |   192 |   279 |   236 ||   707
       Reflection        |       |       |       |       |       |     2 |     6 ||     8
